 Dungeon Crawl Stone Soup version 0.30.0-10-gfe55d96785 (webtiles) character file.

Game seed: 6758609739219534344

128 flt the Trooper (level 5, -5/33 HPs)
             Began as a Gargoyle Cinder Acolyte on May 16, 2023.
             Was a High Priest of Ignis.
             Killed by divine providence
             ... invoked by an orc priest
              (10 damage)
             ... on level 3 of the Dungeon.
             The game lasted 00:03:42 (1567 turns).

flt the Trooper (Gargoyle Cinder Acolyte)           Turns: 1567, Time: 00:03:43

Health: -5/33      AC:  8    Str: 17    XL:     5   Next: 11%
Magic:  8/8        EV: 11    Int: 17    God:    Ignis [*****.]
Gold:   67         SH:  0    Dex:  5    Spells: 6/8 levels left

rFire   + . .        j - +2 spear (flame)
rCold   . . .        (no shield)
rNeg    + . .        b - +0 robe
rPois   ∞            (no helmet)
rElec   +            d - +0 cloak
rCorr   .            (no gloves)
SInv    .            k - +0 pair of boots
Will    .....        (no amulet)
Stlth   +            (no ring)
HPRegen 0.25/turn    (no ring)
MPRegen 0.11/turn

%: no passive effects
@: no status effects
A: sickness immunity, AC +4, negative energy resistance 1, electricity
resistance, torment resistance 1, petrification resistance
a: Renounce Religion, Fiery Armour, Foxfire Swarm, Rising Flame


You were on level 3 of the Dungeon.
You worshipped Ignis.
Ignis was extremely pleased with you.
You visited 1 branch of the dungeon, and saw 3 of its levels.

You collected 109 gold pieces.
You spent 42 gold pieces at shops.

Inventory:

Hand Weapons
 a - a -1 mace of flaming
 j - a +2 spear of flaming (weapon)
Missiles
 p - a throwing net (quivered)
Armour
 b - a +0 robe (worn)
 d - a +0 cloak (worn)
 k - a +0 pair of boots (worn)
Wands
 m - a wand of flame (8)
Scrolls
 e - a scroll of blinking {unknown}
 f - a scroll of teleportation {unknown}
 g - 2 scrolls of enchant weapon {unknown}
 h - a scroll of torment {unknown}
 i - 3 scrolls of identify {unknown}
 n - a scroll of noise {unknown}
 o - a scroll of amnesia {unknown}
 q - a scroll of enchant armour {unknown}
Potions
 c - a potion of flight {unknown}
 l - a potion of haste {unknown}
 r - a potion of heal wounds {unknown}
 t - a potion of attraction {unknown}


   Skills:
 + Level 4.2 Fighting
 + Level 3.7 Maces & Flails
 + Level 2.3 Armour
 + Level 2.2 Spellcasting
 - Level 3.0 Fire Magic


You had 6 spell levels left.
You knew the following spells:

 Your Spells              Type           Power      Damage    Failure   Level
a - Scorch                Fire           24%        2d6       9%          2

Your spell library contained the following spells:

 Spells                   Type           Power      Damage    Failure   Level
 Slow                     Hex            4%         N/A       19%         1
 Confusing Touch          Hex            1%         N/A       50%         3
 Vampiric Draining        Necr           1%         2d6       50%         3
 Olgreb's Toxic Radiance  Pois           1%         N/A       88%         4
 Discord                  Hex            0%         N/A       100%        8
 Ignition                 Fire           6%         3d4       100%        8


Dungeon Overview and Level Annotations

Branches:
Dungeon (3/15)

Altars:
Kikubaaqudgha
Sif Muna
Yredelemnul
Zin

Shops:
D:2 *


Innate Abilities, Weirdness & Mutations

You are immune to sickness and miasma.
Your stone body is resilient. (AC +4)
You are immune to poison.
You resist negative energy. (rN+)
You are resistant to electric shocks. (rElec)
You are resistant to unholy torment.
You are immune to petrification.


Message History

The orc priest invokes the aid of Beogh against you.
Pain shoots through your body!
* * * LOW HITPOINT WARNING * * *
You feel better. The orc priest hits you with a +0 club.
You barely miss the orc priest.
The orc priest is lightly wounded.
The orc priest misses you.
You hit the orc priest but do no damage.
The orc priest is lightly wounded.
The orc priest hits you but does no damage.
You hit the orc priest. You burn the orc priest.
The orc priest is heavily wounded.
The orc priest mumbles some strange prayers to Beogh against you.
You barely resist. You completely miss the orc priest.
The orc priest is heavily wounded.
The orc priest hits you but does no damage.
You barely miss the orc priest.
The orc priest is heavily wounded.
The orc priest looks braver for a moment.
You hit the orc priest. You burn the orc priest.
The orc priest is severely wounded.
The orc priest mumbles some strange prayers to Beogh against you.
Beogh smites you!
* * * LOW HITPOINT WARNING * * *
You feel better. The orc priest hits you with a +0 club.
* * * LOW HITPOINT WARNING * * *
You closely miss the orc priest.
The orc priest is severely wounded.
The orc priest hits you but does no damage.
The orc priest hits you with a +0 club.
* * * LOW HITPOINT WARNING * * *
You hit the orc priest. You burn the orc priest.
You kill the orc priest!
You have reached level 5!
You puncture the orc priest! You burn the orc priest.
The orc priest is severely wounded.
The orc priest calls down the wrath of Beogh upon you.
Beogh smites you!
You die...

###+##......
#...........
###..........
..'<.........
###)†.....# +.......#
#.......# ####
#......########o.##
#....†.#..S≈..@#..#
#......#._.≈._.#..#
#......#...≈...#..#
#......'########o.#
#######...........#
#.†.......o.# ~≈≈
#######.........o.#
≈≈~
###.................#
~≈≈~
..).#.###...........#
~~≈≈~


You could see an orc priest and a ball python.

Vanquished Creatures
  An orc priest (D:3)
  An orc wizard (D:3)
  4 adders
  A worm (D:2)
  2 orcs (D:3)
  3 ball pythons
  An endoplasm (D:3)
  5 hobgoblins
  A quokka (D:2)
  3 bats
  4 frilled lizards
  3 goblins
  4 kobolds
  5 rats
38 creatures vanquished.

Notes
Turn   | Place    | Note
-------+----------+-------------------------------------------
     0 | D:1      | flt the Gargoyle Cinder Acolyte began the quest for the
                  | Orb.
     0 | D:1      | Reached XP level 1. HP: 14/14 MP: 2/2
   702 | D:2      | Reached XP level 2. HP: 19/19 MP: 3/3
   722 | D:2      | Learned a level 2 spell: Scorch
   733 | D:2      | Found a basalt altar of Yredelemnul.
   783 | D:2      | Reached skill level 1 in Armour
   818 | D:2      | Reached XP level 3. HP: 18/23 MP: 3/5
   843 | D:2      | Found a faded altar of an unknown god.
  1310 | D:2      | Found Duabras's General Store.
  1319 | D:2      | Bought a potion of curing for 42 gold pieces
  1379 | D:3      | Reached XP level 4. HP: 16/29 MP: 6/6
  1436 | D:3      | Found a shimmering blue altar of Sif Muna.
  1436 | D:3      | Found an ancient bone altar of Kikubaaqudgha.
  1467 | D:3      | Found a glowing silver altar of Zin.
  1472 | D:3      | Reached skill level 4 in Fighting
  1567 | D:3      | Reached XP level 5. HP: 5/33 MP: 8/8
  1567 | D:3      | Killed from afar by an orc priest

Illustrated notes

Levels and vault maps discovered:
D:1:      spicycebolla_green_bress_n_ham_2, layout_rooms, st_stairs_9,
          chequers_serial_rivers_micro_b, grunt_decor_resistance, minivault_19
D:2:      layout_rooms, hellmonk_ecumenical_altar_heavens_door, serial_shops,
          nicolae_shop_statue_plus, basic_altar, minmay_crystal_water,
          nrook_mini_vaults
D:3:      wander_river, layout_basic, mainiacjoe_overflow_six_doors_small,
          mainiacjoe_overflow_divided_tiny, minmay_circle_x, uniq_robin

Skill      XL: |  1  2  3  4 |
---------------+-------------+-----
Armour         | 1 2 |  2.3
Fighting       | 4 |  4.2
Spellcasting   | 2 |  2.2
Maces & Flails | |  3.7
Fire Magic     | |  3.0

Action                     |  1- 3 |  4- 6 || total
---------------------------+-------+-------++-------
  Melee: Mace              |    33 |       ||    33
         Spear             |    68 |    42 ||   110
    Use: Potion            |       |     2 ||     2
 Armour: Robe              |    45 |    11 ||    56
  Dodge: Dodged            |    52 |    13 ||    65
